 Dungeon Crawl Stone Soup version 0.30.1-9-gdf580d7c3d (webtiles) character file.

Game seed: 7033807687506806409

2048 lonewolfV2 the Blocker (level 9, -2/74 HPs)
             Began as a Formicid Fighter on Oct 21, 2023.
             Slain by a hornet (4 damage)
             ... on level 8 of the Dungeon.
             The game lasted 00:10:53 (6106 turns).

lonewolfV2 the Blocker (Formicid Fighter)           Turns: 6106, Time: 00:10:54

Health: -2/74      AC: 19    Str: 28    XL:     9   Next: 49%
Magic:  9/9        EV:  7    Int:  9    God:
Gold:   321        SH:  6    Dex: 13    Spells: 8/8 levels left

rFire   + . .        q - +2 hand axe (flame)
rCold   . . .        c - +0 buckler
rNeg    . . .        n - +1 plate armour
rPois   .            (helmet unavailable)
rElec   .            h - +0 cloak
rCorr   .            t - +0 pair of gloves
SInv    +            e - +1 pair of boots of the Doldrums {+Inv rF+ Will- Str+4}
Will    .....        (no amulet) Stlth
                     (no ring)
HPRegen 0.32/turn    (no ring)
MPRegen 0.11/turn

%: no passive effects
@: no status effects
A: permanent stasis, dig shafts and tunnels, antennae 3, four strong arms
a: Dig, Shaft Self, Evoke Invisibility


You were on level 8 of the Dungeon.
You visited 1 branch of the dungeon, and saw 8 of its levels.

You collected 321 gold pieces.

Inventory:

Hand Weapons
 a - a +0 war axe
 q - a +2 hand axe of flaming (weapon)
Missiles
 k - 2 throwing nets
Armour
 c - a +0 buckler (worn)
 e - the +1 pair of boots of the Doldrums (worn) {+Inv rF+ Will- Str+4}
   (You acquired it on level 2 of the Dungeon)

   Str:       It affects your strength (+4).
   rF:        It protects you from fire.
   +Inv:      It lets you turn invisible.
   Will:      It decreases your willpower.
 h - a +0 cloak (worn)
 n - a +1 plate armour (worn)
 t - a +0 pair of gloves (worn)
Wands
 d - a wand of flame (22)
 l - a wand of charming (11)
 s - a wand of acid (16)
Scrolls
 j - 2 scrolls of torment
 o - a scroll of magic mapping
Potions
 f - 3 potions of degeneration
 m - a potion of flight
 v - a potion of haste


   Skills:
 + Level 8.2 Fighting
 - Level 2.0 Axes
 + Level 8.2 Armour
 + Level 9.8 Shields


You had 8 spell levels left.
You didn't know any spells.
Your spell library contained the following spells:

 Spells                   Type           Power      Damage    Failure   Level
 Freeze                   Ice            0%         1d3       99%         1
 Ensorcelled Hibernation  Hex/Ice        0%         N/A       99%         2
 Poisonous Vapours        Pois/Air       0%         N/A       99%         2
 Frozen Ramparts          Ice            0%         1d1       100%        3
 Hailstorm                Conj/Ice       0%         3d3       100%        3
 Mephitic Cloud           Conj/Pois/Air  0%         N/A       100%        3
 Spider Form              Tmut/Pois      0%         N/A       100%        3
 Anguish                  Hex/Necr       0%         N/A       100%        4
 Freezing Cloud           Conj/Ice/Air   0%         6-21      100%        5


Dungeon Overview and Level Annotations

Branches:
Dungeon (8/15)
 Temple: D:4-7         Lair: D:8-11

Altars:
Cheibriados

Shops:
D:1 [


Innate Abilities, Weirdness & Mutations

You cannot be hasted, slowed, berserked, paralysed or teleported.
You can dig through walls and to a lower floor.
You have a pair of large antennae on your head. (SInv)
Your four strong arms can wield two-handed weapons with a shield.


Message History

The wight resists with some effort.
The killer bee stings you but does no damage. x2
A hornet comes into view.
The wight barely misses you.
Unknown command.
Aiming: Charm
Press: ? - help, Q - select action, (/) - cycle Shift-Dir - straight line, f - hornet, p - wight
Aim: a hornet (wandering, unable to see you, hasn't noticed you, chance to affect: 39%)
The hornet is charmed.
The killer bee stings you but does no damage.
The killer bee barely misses you. The wight barely misses you.
The killer bee stings you.
* * * LOW HITPOINT WARNING * * *
The wight hits your hornet with a +5 long sword!
The wight drains your hornet. The killer bee barely misses you.
The wight misses your hornet.
Your hornet closely misses the killer bee.
The killer bee stings you but does no damage.
Aiming: Corrosive Bolt
Press: ? - help, Q - select action, (/) - cycle Shift-Dir - straight line, f - killer bee, p - hornet
Aim: a killer bee (heavily wounded, unable to see you, 43% to hit)
The bolt of acid hits the killer bee!
The acid corrodes the killer bee!
You kill the killer bee!
The wight hits your hornet with a +5 long sword!
Your hornet stings the wight!
The wight is destroyed!
Your life force feels restored.
You swap places.
You see here a scroll of teleportation.
You start resting.
You flicker for a moment.
You start resting.
Your hornet seems less drained.
You flicker back into view.
You start resting.
The hornet is no longer charmed.
The hornet stings you!
* * * LOW HITPOINT WARNING * * *
Your stasis prevents you from being slowed.
The hornet stings you.
You die...

.. # ##. #. #.. #.
##.. #..##..##
###......##
#.........##
.......<)..###
....##...@...##...
. ####.y.......
#.......##
#........#
#.........#
...........#
.............#
..............#
........#......


You could see a hornet.

Vanquished Creatures
  Eustachio (D:4)
  Duvessa (D:4)
  A black bear (D:6)
  A sky beast (D:6)
  3 phantoms
  A kobold brigand (D:6)
  3 scorpions
  A wight (D:7)
  Dowan (D:4)
  7 killer bees
  A howler monkey (D:5)
  5 hounds
  An iguana (D:5)
  Natasha (thrice) (D:2)
  Robin (D:2)
  6 gnolls
  11 adders
  2 ufetubi
  3 worms
  3 dart slugs
  7 orcs
  9 ball pythons
  7 endoplasms
  2 giant cockroaches
  13 goblins
  7 hobgoblins
  3 kobolds
  8 quokkas
  2 training dummies (D:4)
  5 bats
  3 frilled lizards
  5 rats
127 creatures vanquished.

Vanquished Creatures (collateral kills)
  A wight (D:8)
1 creature vanquished.

Vanquished Creatures (others)
  A hornet (D:7)
1 creature vanquished.

Grand Total: 129 creatures vanquished

Notes
Turn   | Place    | Note
-------+----------+-------------------------------------------
     0 | D:1      | lonewolfV2 the Formicid Fighter began the quest for the
                  | Orb.
     0 | D:1      | Reached XP level 1. HP: 18/18 MP: 1/1
    51 | D:1      | Found Pery's Armour Boutique.
   110 | D:1      | Reached XP level 2. HP: 8/24 MP: 2/2
   732 | D:1      | You fall into a shaft and drop 1 floor!
   771 | D:2      | Reached XP level 3. HP: 30/30 MP: 3/3
   983 | D:2      | Noticed Robin
   996 | D:2      | Killed Robin
   997 | D:2      | Reached XP level 4. HP: 20/37 MP: 4/4
  1184 | D:2      | Reached skill level 5 in Shields
  1387 | D:2      | Noticed Natasha
  1399 | D:2      | Killed Natasha
  1467 | D:2      | Found a faded altar of an unknown god.
  1510 | D:2      | Reached XP level 5. HP: 42/42 MP: 5/5
  1755 | D:2      | Noticed Natasha
  1764 | D:2      | Killed Natasha
  1973 | D:2      | Noticed Natasha
  1984 | D:2      | Killed Natasha
  1985 | D:2      | Reached XP level 6. HP: 38/49 MP: 6/6
  2104 | D:2      | Identified a scroll of acquirement
  2104 | D:2      | Acquired the +1 pair of boots of the Doldrums {+Inv rF+
                  | Will- Str+4}
  2476 | D:3      | Reached skill level 5 in Armour
  2476 | D:3      | Reached skill level 6 in Shields
  2546 | D:3      | Reached skill level 5 in Fighting
  3241 | D:4      | Reached XP level 7. HP: 51/56 MP: 7/7
  3388 | D:4      | Noticed Eustachio
  3434 | D:4      | Killed Eustachio
  3651 | D:4      | Found a snail-covered altar of Cheibriados.
  3666 | D:4      | Noticed Duvessa
  3666 | D:4      | Noticed Dowan
  3672 | D:4      | Killed Dowan
  3673 | D:4      | Reached skill level 7 in Shields
  3674 | D:4      | Killed Duvessa
  3872 | D:5      | Entered Level 5 of the Dungeon
  3966 | D:5      | Reached XP level 8. HP: 64/64 MP: 8/8
  4799 | D:6      | Reached skill level 8 in Shields
  5535 | D:6      | Reached XP level 9. HP: 61/72 MP: 9/9
  5596 | D:6      | Reached skill level 9 in Shields
  5999 | D:7      | Noticed a hornet
  6058 | D:7      | HP: 3/74 [poisoned by a hornet]
  6061 | D:7      | HP: 1/74 [poisoned by a hornet]
  6070 | D:8      | HP: 2/74 [wight/+5 long sword (2)]
  6073 | D:8      | Noticed a hornet
  6075 | D:8      | HP: 1/72 [killer bee (1)]
  6106 | D:8      | HP: 2/74 [hornet (9)]
  6106 | D:8      | Slain by a hornet

Illustrated notes

Levels and vault maps discovered:
D:1:      scummos_arrival_checkerplants, layout_loops_cross, serial_shops,
          nicolae_shop_just_a_little_nook
D:2:      layout_basic, dreamdust_ecumenical_altar_hidden_monk_grotto,
          minmay_misc_feat_x, uniq_robin, uniq_natasha
D:3:      layout_basic
D:4:      dreamdust_elfheim, layout_loops_corners, cheibriados_altar_1,
          uniq_eustachio
D:5:      layout_basic
D:6:      minmay_angry_zag, layout_basic
D:7:      lemuel_ice_statue, layout_loops_corners, temple_green,
          minmay_misc_feat_pillars
D:8:      gammafunk_cloud_chamber, layout_layer_cave,
          nicolae_qazlal_style_of_elements, biasface_ghost_orc_armoury

Skill      XL: |  1  2  3  4  5  6  7  8  9 |
---------------+----------------------------+-----
Fighting       | 4 5 6 7 8 |  8.2
Armour         | 4 5 6 7 8 |  8.2
Shields        | 5 6 7 8 9 |  9.8
Axes           | |  2.0

Action                     |  1- 3 |  4- 6 |  7- 9 || total
---------------------------+-------+-------+-------++-------
  Melee: War axe           |    67 |   181 |    80 ||   328
         Hand axe          |       |       |   173 ||   173
  Evoke: Wand              |       |       |     9 ||     9
    Use: Scroll            |     3 |     4 |     8 ||    15
         Potion            |       |       |     7 ||     7
 Armour: Scale mail        |    33 |    95 |       ||   128
         Plate armour      |       |       |   248 ||   248
  Dodge: Dodged            |    55 |   100 |   121 ||   276
  Block: Buckler           |    20 |    71 |   109 ||   200
